 Dungeon Crawl Stone Soup version 0.32-a0-921-g04a7ad8e02 (webtiles) character file.

Game seed: 11429300500473690618

2639 topfpfpflanze the Gouger (level 9, -29/48 HPs)
             Began as a Felid Fighter on Apr 12, 2024.
             Was an Initiate of Gozag.
             Annihilated by a titanic slime creature (69 damage)
             ... on level 12 of the Dungeon.
             The game lasted 00:09:14 (8819 turns).

topfpfpflanze the Gouger (Felid Fighter)            Turns: 8819, Time: 00:09:15

Health: -29/48     AC:  2    Str: 14    XL:     9   Next: 35%
Magic:  13/13      EV: 21    Int: 25    God:    Gozag
Gold:   309        SH:  0    Dex: 17    Spells: 10/12 levels left
                                        Lives:  0   Deaths: 2

rFire   . .          .
                       - Unarmed
rCold   . . .        (shield unavailable)
rNeg    . . .        (body armour unavailable)
rPois   .            (helmet unavailable)
rElec   .            (cloak unavailable)
rCorr   .            (gloves unavailable)
SInv    +            (boots unavailable)
Will    +++..        a - amulet "Marghisot" {Acrobat Will++}
Stlth   ++++         i - +6 ring of intelligence
HPRegen 0.28/turn    c - +6 ring of intelligence
MPRegen 0.13/turn

%: acrobat
@: studying Conjurations
A: very small, claws 1, fangs 3, see invisible, shaggy fur 2, stealthy paws, no
weapons or thrown items, no armour, multi-lived
a: Renounce Religion, Potion Petition, Call Merchant, Bribe Branch


You were on level 12 of the Dungeon.
You worshipped Gozag.
Gozag was aware of your devotion.
You visited 2 branches of the dungeon, and saw 11 of its levels.

You collected 412 gold pieces.
You paid 103 gold pieces to Gozag.

Inventory:

Jewellery
 a - the amulet "Marghisot" (around neck) {Acrobat Will++}
   (You took it off an orc warrior on level 5 of the Dungeon)

   [amulet of the acrobat]

   Acrobat:   It increases your evasion while moving and waiting.
   Will++:    It greatly increases your willpower.
 c - a +6 ring of intelligence (right paw)
 g - an amulet of guardian spirit
 i - a +6 ring of intelligence (left paw)
Talismans
 e - the maw talisman "Ziokkaxo" {Will- rCorr Int+6}
   (You found it on level 7 of the Dungeon)

   [maw talisman]

   Int+6:     It affects your intelligence (+6).
   Will-:     It decreases your willpower.
   rCorr:     It protects you from acid and corrosion.
Wands
 d - a wand of polymorph (2)
 l - a wand of flame (8)
Scrolls
 b - a scroll of amnesia
 f - 3 scrolls of teleportation {unknown}
 h - a scroll of vulnerability
 j - 4 scrolls of identify {@r1}
Potions
 k - a potion of brilliance
 m - a potion of attraction


   Skills:
 + Level 6.3 Fighting
 + Level 8.3 Dodging
 - Level 7.2 Stealth
 * Level 8.7 Unarmed Combat
 + Level 2.1 Spellcasting
 + Level 3.2 Conjurations
 * Level 0.4 Shapeshifting


You had 10 spell levels left.
You knew the following spells:

 Your Spells              Type           Power      Damage    Failure   Level
a - Apportation           Tloc           4%         N/A       11%         1
b - Sting                 Conj/Alch      40%        1d5       5%          1

Your spell library contained the following spells:

 Spells                   Type           Power      Damage    Failure   Level
 Necrotise                Necr           8%         1d4       11%         1
 Summon Small Mammal      Summ           8%         N/A       11%         1


Dungeon Overview and Level Annotations

Branches:
Dungeon (9/15)             Temple (1/1) D:7
   Lair: D:8-11         Orc: D:9-12

Altars:
Ashenzari
Cheibriados
Elyvilon
Fedhas
Gozag
Hepliaklqana
Kikubaaqudgha
Makhleb
Nemelex Xobeh
Okawaru
Qazlal
Ru
Sif Muna
Trog
Vehumet
Xom
Yredelemnul
Zin
The Shining One

Shops:
D:5 =

Annotations:
D:3 2 transporters, Syneil's ghost, amateur KoEn
D:4 exclusion: downstairs


Innate Abilities, Weirdness & Mutations

You have sharp claws.
You have razor-sharp teeth.
You have supernaturally acute eyesight. (SInv)
You are covered in thick fur. (AC +2)
Your paws help you pounce on unaware monsters.
You are incapable of wielding weapons or throwing items.
You cannot wear armour.
You gain extra lives every three experience levels.


Message History

Two slime creatures merge to form a very large slime creature.
Two slime creatures merge to form a large slime creature.
You claw the large slime creature! You claw the large slime creature!
You scratch the large slime creature but do no damage.
You scratch the large slime creature.
Two slime creatures merge to form a titanic slime creature.
You scratch the titanic slime creature.
Your bite misses the titanic slime creature.
The titanic slime creature closely misses you.
You scratch the titanic slime creature but do no damage.
The titanic slime creature misses you.
You claw the titanic slime creature! You claw the titanic slime creature!
The titanic slime creature closely misses you.
You claw the titanic slime creature! The titanic slime creature misses you.
You scratch the titanic slime creature.
The titanic slime creature closely misses you.
You claw the titanic slime creature! You bite the titanic slime creature.
The titanic slime creature closely misses you.
You scratch the titanic slime creature. You bite the titanic slime creature.
The titanic slime creature completely misses you.
You scratch the titanic slime creature. You bite the titanic slime creature.
The titanic slime creature misses you.
You claw the titanic slime creature!
You barely miss the titanic slime creature.
You bite the titanic slime creature, but do no damage.
The titanic slime creature barely misses you.
You claw the titanic slime creature!
The titanic slime creature barely misses you.
You scratch the titanic slime creature but do no damage.
Your claw misses the titanic slime creature.
You bite the titanic slime creature.
The titanic slime creature barely misses you.
The titanic slime creature closely misses you.
The titanic slime creature barely misses you.
You claw the titanic slime creature! The titanic slime creature hits you!!!
Ouch! That really hurt!
You die...
Your body crumbles into a pile of gold.

#.#########
#....J@...#
#.#######.##########
.#######..........
........######..#
.###.....#####..#
................#
.........##...#.#
#####...........#
#####.#####.#


You could see a titanic slime creature.

Vanquished Creatures
  Grinder (D:4)
  Sigmund (D:5)
  Duvessa (D:4)
  3 orc warriors
  An ice beast (D:7)
  2 water moccasins
  3 black bears
  A centaur (D:5)
  An ogre (D:4)
  A phantom (D:5)
  3 kobold brigands
  Blork the orc (D:6)
  A bullfrog (D:5)
  Dowan (D:4)
  2 hounds
  5 orc priests
  A bombardier beetle (D:5)
  A jelly (D:4)
  A gnoll bouda (D:5)
  4 iguanas
  4 orc wizards
  8 gnolls
  4 adders
  4 dart slugs
  3 ribbon worms
  15 orcs
  8 ball pythons
  3 bats
  8 endoplasms
  A giant cockroach (D:2)
  5 goblins
  7 hobgoblins
  7 jackals
  4 quokkas
  4 frilled lizards
  13 kobolds
  5 rats
138 creatures vanquished.

Notes
Turn   | Place    | Note
-------+----------+-------------------------------------------
     0 | D:1      | topfpfpflanze the Felid Fighter began the quest for the
                  | Orb.
     0 | D:1      | Reached XP level 1. HP: 12/12 MP: 2/2
   266 | D:1      | Reached XP level 2. HP: 16/16 MP: 3/3
   442 | D:1      | Reached XP level 3. HP: 17/20 MP: 4/4
   903 | D:2      | Reached skill level 1 in Stealth
  1039 | D:3      | Noticed Syneil's ghost (amateur KoEn)
  1044 | D:3      | Noticed a scorpion
  1087 | D:2      | Reached XP level 4. HP: 8/24 MP: 5/5
  1087 | D:2      | Gained a life (2 lives remaining)
  1357 | D:3      | Found a transporter.
  1413 | D:3      | Found a glowing golden altar of the Shining One.
  1502 | D:3      | Reached skill level 5 in Unarmed Combat
  1562 | D:3      | Reached skill level 5 in Dodging
  1732 | D:3      | Found a transporter.
  1797 | D:3      | Reached XP level 5. HP: 29/29 MP: 6/6
  2035 | D:3      | Found a faded altar of an unknown god.
  2163 | D:4      | Noticed Grinder
  2275 | D:4      | Killed Grinder
  2276 | D:4      | Gained mutation: You are covered in thick fur. (AC +2)
                  | [Felid growth]
  2276 | D:4      | Reached XP level 6. HP: 15/33 MP: 7/7
  2584 | D:4      | Found a hazy altar of Hepliaklqana.
  2604 | D:4      | Found a glowing silver altar of Zin.
  2613 | D:4      | Noticed Dowan
  2631 | D:5      | Entered Level 5 of the Dungeon
  2743 | D:5      | Found Qoneihuk's Jewellery Shop.
  2769 | D:5      | Identified the amulet "Marghisot" {Acrobat Will++}
  2769 | D:5      | Noticed an orc warrior
  2776 | D:5      | Identified a scroll of acquirement
  2776 | D:5      | Acquired a manual of Conjurations
  3296 | D:4      | Reached XP level 7. HP: 38/38 MP: 8/8
  3434 | D:4      | Found a sparkling altar of Nemelex Xobeh.
  3434 | D:4      | Found a shimmering blue altar of Sif Muna.
  3607 | D:4      | Noticed Duvessa
  3640 | D:4      | Killed Duvessa
  3644 | D:4      | Killed Dowan
  3875 | D:5      | Reached skill level 5 in Stealth
  3994 | D:5      | Reached skill level 5 in Fighting
  4191 | D:5      | Found a snail-covered altar of Cheibriados.
  4233 | D:5      | Noticed Sigmund
  4235 | D:5      | Reached XP level 8. HP: 43/43 MP: 9/9
  4242 | D:5      | Killed Sigmund
  4606 | D:5      | HP: 1/43 [orc priest/divine providence (8)]
  5168 | D:6      | Learned a level 1 spell: Apportation
  5170 | D:6      | Learned a level 1 spell: Sting
  5240 | D:6      | Noticed Blork the orc
  5400 | D:6      | Killed Blork the orc
  6414 | D:5      | Reached skill level 1 in Conjurations
  6421 | D:5      | Reached skill level 1 in Spellcasting
  7371 | D:6      | Reached XP level 9. HP: 31/48 MP: 2/12
  7390 | D:6      | Noticed a troll
  7398 | D:6      | Mangled by a troll
  7398 | D:6      | Lost a life (1 life remaining)
  7577 | D:7      | Found a sacrificial altar of Ru.
  7616 | D:7      | Found a staircase to the Ecumenical Temple.
  7623 | Temple   | Entered the Ecumenical Temple
  7660 | Temple   | Became a worshipper of Gozag Ym Sagoz the Greedy
  7707 | D:7      | Found a blossoming altar of Fedhas.
  7719 | D:7      | Found a bloodstained altar of Trog.
  8135 | D:7      | Found an ancient bone altar of Kikubaaqudgha.
  8144 | D:7      | Identified the maw talisman "Ziokkaxo" {Will- rCorr Int+6}
  8753 | D:9      | You fall into a shaft and drop 3 floors!
  8771 | D:12     | Noticed a two-headed ogre
  8779 | D:12     | Mangled by a two-headed ogre
  8779 | D:12     | Lost a life (0 lives remaining)
  8819 | D:12     | Annihilated by a titanic slime creature

Illustrated notes

Levels and vault maps discovered:
D:1:      roderic_crossed_star, layout_basic
D:2:      layout_rooms
D:3:      layout_basic, mainiacjoe_overflow_boulevard,
          hellmonk_ecumenical_altar_prayer_group, gammafunk_ghost_arena
D:4:      layout_loops_ring, mainiacjoe_overflow_brackets,
          mainiacjoe_overflow_large_starburst,
          mainiacjoe_overflow_small_starburst, serial_library_hellmonk_h_bend,
          kennysheep_big_empty_room, uniq_duvessa, uniq_grinder
D:5:      layout_cave_pods, overflow_temple_1_default, serial_shops,
          nicolae_shop_pleasant_corner_grove, uniq_sigmund
D:6:      layout_loops_cross, minitemple, serial_park_tiny_pond,
          minmay_manual_mess, uniq_blork_the_orc
D:7:      black_bear_nest_1, layout_cave_pools, mainiacjoe_overflow_chevrons,
          kennysheep_little_box, overflow_temple_1_default,
          nicolae_kikubaaqudgha_miasma_corner, temple_statues
D:8:      layout_loops_ring, serial_shops, nicolae_shop_tiny_real_fake_doors
D:9:      layout_basic, overflow_temple_1_default, lair_entry_dummy,
          minmay_orc_entry_guard_dogs, special_room [special_room_kobold]
D:12:     layout_loops_ring, uniq_sonja
Temple:   hellmonk_temple_beads

Skill      XL: |  1  2  3  4  5  6  7  8  9 |
---------------+----------------------------+-----
Stealth        | 1 2 3 4 5 6 7 |  7.2
Unarmed Combat | 5 6 7 8 |  8.7
Dodging        | 5 6 7 8 |  8.3
Fighting       | 4 5 6 |  6.3
Conjurations   | 2 3 |  3.2
Spellcasting   | 1 2 |  2.1
Shapeshifting  | |  0.4

Action                     |  1- 3 |  4- 6 |  7- 9 || total
---------------------------+-------+-------+-------++-------
  Melee: Unarmed           |    82 |    95 |   183 ||   360
         Bite              |     4 |    14 |    19 ||    37
         Punch             |     2 |     4 |     9 ||    15
   Cast: Sting             |       |       |   123 ||   123
         Apportation       |       |       |     2 ||     2
  Evoke: Wand              |       |       |    11 ||    11
    Use: Potion            |     2 |     2 |    12 ||    16
         Scroll            |       |     4 |     7 ||    11
   Stab: Sleeping          |     4 |     3 |     5 ||    12
         Invisible         |       |     2 |       ||     2
         Distracted        |       |       |     1 ||     1
 Armour: Skin              |    23 |    32 |   111 ||   166
  Dodge: Dodged            |    55 |    53 |   267 ||   375

Table legend: (Time is in decaauts)
 A = Elapsed time spent in this place.
 B = Non-inter-level travel time spent in this place.
 C = Inter-level travel time spent in this place.
 D = Time resting spent in this place.
 E = Time spent auto-exploring this place.
 F = Levels seen in this place.
 G = Mean time per level.
                   A        B        C        D        E       F      G
               +--------+--------+--------+--------+--------+-----+--------+
         Total |   8769 |   8219 |    550 |   2287 |   4569 |  11 |  797.2 |
       Dungeon |   8694 |   8217 |    477 |   2287 |   4569 |  10 |  869.4 |
        Temple |     74 |      1 |     73 |      0 |      0 |   1 |   74.0 |
               +--------+--------+--------+--------+--------+-----+--------+

Top non-repeatable levels by time:
     D:4: 2408 daAuts
     D:5: 2347 daAuts
     D:3: 995 daAuts
     D:7: 856 daAuts
     D:1: 660 daAuts
     D:2: 569 daAuts
     D:6: 482 daAuts
     D:9: 217 daAuts
     D:8: 94 daAuts
  Temple: 74 daAuts
    D:12: 62 daAuts
